 Dungeon Crawl Stone Soup version 0.30-a0-371-gad7725a93e (webtiles) character file.

Game seed: 7893713210530129003

27321 Bnni the Impaler (level 13, -3/102 (111) HPs)
             Began as a Formicid Fighter on Nov 20, 2022.
             Was an Initiate of Yredelemnul.
             Slain by a white draconian knight
             ... wielding a +1 triple sword of freezing
              (13 damage)
             ... in an ice cave.
             The game lasted 00:31:49 (15293 turns).

Bnni the Impaler (Formicid Fighter)                Turns: 15293, Time: 00:31:50

HP:   -3/102 (111)  AC: 21    Str: 26    XL:     13   Next: 64%
MP:   19/19         EV:  3    Int:  8    God:    Yredelemnul [......]
Gold: 1275          SH: 10    Dex: 13    Spells: 12/12 levels left

rFire   . . .      SeeInvis +    C - +0 glaive
rCold   + + .      Faith    .    d - +0 kite shield
rNeg    . . .      Spirit   .    L - +0 crystal plate armour
rPois   .          Reflect  .    (helmet unavailable)
rElec   .          Harm     .    T - +2 cloak
rCorr   .          Rampage  .    A - +0 pair of gloves
Will    .....                    B - +0 pair of boots
Stlth   ..........               R - amulet of regeneration
HPRegen 1.17/turn                y - ring of protection from cold
MPRegen 0.16/turn                x - ring of protection from cold

@: weak-willed, drained
A: permanent stasis, dig shafts and tunnels, antennae 3, four strong arms
a: Dig, Renounce Religion, Recall Undead Harvest


You were in an ice cave.
You worshipped Yredelemnul.
Yredelemnul was aware of your devotion.
You visited 2 branches of the dungeon, and saw 15 of its levels.
You also visited: Bailey and Ice Cave.

You collected 1275 gold pieces.

Inventory:

Hand Weapons
 a - a +0 scimitar of flaming
 o - a +0 scythe
 r - a +2 spear of venom
 C - a +0 glaive (weapon)
Missiles
 j - a boomerang
 w - 12 poisoned darts (quivered)
Armour
 d - a +0 kite shield (worn)
 A - a +0 pair of gloves (worn)
 B - a +0 pair of boots (worn)
 L - a +0 crystal plate armour (worn)
 T - a +2 cloak (worn)
Jewellery
 x - a ring of protection from cold (right hand)
 y - a ring of protection from cold (left hand)
 M - a +4 ring of slaying
 Q - an amulet of reflection
 R - an amulet of regeneration (around neck)
Wands
 k - a wand of mindburst (20)
 p - a wand of quicksilver (8)
 G - a wand of flame (3)
 N - a wand of iceblast (5)
Scrolls
 c - a scroll of silence {unknown}
 e - a scroll of brand weapon
 l - 3 scrolls of amnesia {unknown}
 m - 2 scrolls of fear
 n - 4 scrolls of immolation
 q - 2 scrolls of vulnerability
 s - 2 scrolls of magic mapping
 E - a scroll of fog
 F - 4 scrolls of teleportation {unknown}
 J - a scroll of blinking {unknown}
 O - a scroll of poison {unknown}
 S - a scroll of enchant armour {unknown}
Potions
 b - 2 potions of cancellation {unknown}
 f - 2 potions of resistance {unknown}
 g - a potion of curing
 h - 4 potions of lignification
 t - 2 potions of flight {unknown}
 u - a potion of magic {unknown}
 v - 2 potions of ambrosia {unknown}
 z - a potion of mutation
 D - 2 potions of attraction {unknown}
 P - a potion of brilliance {unknown}


   Skills:
 + Level 13.4 Fighting
 * Level 18.6 Polearms
 - Level 3.2 Armour
 + Level 7.4 Shields
 + Level 8.7 Invocations


You had 12 spell levels left.
You didn't know any spells.
Your spell library contained the following spells:

 Spells                   Type           Power      Damage    Failure   Level
 Apportation              Tloc           0%         N/A       100%        1
 Kiss of Death            Conj/Necr      0%         2d5       100%        1
 Magic Dart               Conj           0%         1d3       100%        1
 Necrotise                Necr           0%         1d4       100%        1
 Call Imp                 Summ           0%         N/A       100%        2
 Scorch                   Fire           0%         2d5       100%        2
 Confusing Touch          Hex            0%         N/A       100%        3
 Frozen Ramparts          Ice            0%         1d1       100%        3
 Gell's Gravitas          Tloc           0%         N/A       100%        3
 Hailstorm                Conj/Ice       0%         3d3       100%        3
 Lesser Beckoning         Tloc           0%         N/A       100%        3
 Mephitic Cloud           Conj/Pois/Air  0%         N/A       100%        3
 Stone Arrow              Conj/Erth      0%         3d7       100%        3
 Teleport Other           Tloc           0%         N/A       100%        3
 Vampiric Draining        Necr           0%         2d6       100%        3
 Animate Armour           Summ/Erth      0%         N/A       100%        4
 Dispel Undead            Necr           0%         3d6       100%        4
 Flame Wave               Conj/Fire      0%         2d4       100%        4
 Ice Form                 Ice/Tmut       0%         N/A       100%        4
 Manifold Assault         Tloc           0%         N/A       100%        4
 Summon Ice Beast         Ice/Summ       0%         N/A       100%        4
 Agony                    Necr           0%         N/A       100%        5
 Alistair's Intoxication  Tmut/Pois      0%         N/A       100%        5
 Borgnjor's Vile Clutch   Necr/Erth      0%         N/A       100%        5
 Dispersal                Tloc           0%         N/A       100%        6
 Eringya's Noxious Bog    Tmut/Pois      0%         N/A       100%        6
 Summon Cactus Giant      Summ           0%         N/A       100%        6
 Disjunction              Tloc           0%         N/A       100%        8
 Lehudib's Crystal Spear  Conj/Erth      0%         10d2      100%        8
 Simulacrum               Ice/Necr       Unusable   N/A       N/A         6

Dungeon Overview and Level Annotations

Branches:
Dungeon (14/15)            Temple (1/1) D:6            Lair (0/5) D:11
    Orc (0/2) D:11         Bailey (visited)           IceCv (1/1)
 Vaults: D:13-14

Altars:
Ashenzari
Cheibriados
Dithmenos
Elyvilon
Fedhas
Gozag
Hepliaklqana
Kikubaaqudgha
Makhleb
Nemelex Xobeh
Okawaru
Qazlal
Ru
Sif Muna
Trog
Uskayaw
Vehumet
Wu Jian
Xom
Yredelemnul
Zin
The Shining One

Shops:
D:4 [   D:6 !   D:7 *   D:14 (


Innate Abilities, Weirdness & Mutations

You cannot be hasted, slowed, berserked, paralysed or teleported.
You can dig through walls and to a lower floor.
You have a pair of large antennae on your head. (SInv)
Your four strong arms can wield two-handed weapons with a shield.


Message History

The white draconian knight gestures wildly while chanting.
The white draconian knight seems to speed up.
You feel better.
The white draconian knight hits you with a +1 triple sword of freezing.
* * * LOW HITPOINT WARNING * * *
You feel better.
The white draconian knight casts a spell at you.
The bolt of cold hits you! You resist.
* * * LOW HITPOINT WARNING * * *
The white draconian knight breathes frost at you.
The blast of cold misses you.
Aiming: Polymorph
Press: ? - help, Shift-Dir - straight line, f/p - white draconian knight
Aim: a white draconian knight, wielding a +1 triple sword of freezing and wearing a +2 cloak (lightly wounded, fast, slightly transparent, very poisoned, will become a frost giant, a bunyip, or a merfolk, chance to affect: 31%)
Okay, then.
Really read the scroll of vulnerability?
As you read the scroll of vulnerability, it crumbles to dust.
Magic quickly surges around you.
The white draconian knight breathes frost at you.
The blast of cold hits you. You resist.
* * * LOW HITPOINT WARNING * * *
Aiming: Polymorph
Press: ? - help, Shift-Dir - straight line, f/p - white draconian knight
Aim: a white draconian knight, wielding a +1 triple sword of freezing and wearing a +2 cloak (lightly wounded, fast, slightly transparent, very poisoned, catching its breath, weak-willed, will become a frost giant, a bunyip, or a merfolk, chance to affect: 49%)
The white draconian knight resists with some effort.
The now-empty wand crumbles to dust.
The white draconian knight hits you with a +1 triple sword of freezing!!
* * * LOW HITPOINT WARNING * * *
The white draconian knight hits you but does no damage.
Unknown command.
You don't have any such object.
Evoke which item? (* to show all) (? for menu, Esc to quit)
You don't have any such object.
Evoke which item? (* to show all) (? for menu, Esc to quit)
Okay, then.
Okay, then.
You feel better.
The white draconian knight hits you with a +1 triple sword of freezing!
You die...
Your body rises from the dead as a mindless zombie.

####......# #
##..{{{.#.....#
#...##.###.d...
#####..##.$$qZ...
#...##.##.$:Z....
##.#.{{{#$.[$$$..$
##..###{####$$$$$.#
####..###q## #######
####....## ##@#
###......## ###
##...###### #..### ####
..## ### ########..# ..###
##.######....#....#
....###
###...#.#...#.#.###.###
......####...#..#..####.##
##..##
........#..#####.### ###
##..#


You could see a white draconian knight (fast, invisible, very poisoned, catching
breath, weak-willed).

Vanquished Creatures
  3 white draconians (IceCv)
  Josephine (D:11)
  Erica (D:11)
  A boulder beetle (D:12)
  2 two-headed ogres
  2 tengu warriors (D:13)
  2 centaur warriors (D:13)
  An orange crystal statue (IceCv)
  Lodul (D:13)
  Pikel (D:6)
  A deep elf pyromancer (D:12)
  An ugly thing (D:12)
  An orc knight (Bailey)
  2 cyclopes
  A gargoyle (D:13)
  Maurice (D:8)
  4 storm dragon simulacra (IceCv)
  A kobold demonologist (D:9)
  A komodo dragon (D:12)
  3 unseen horrors
  A tengu conjurer (D:13)
  2 golden dragon simulacra (IceCv)
  Prince Ribbit (D:5)
  7 trolls
  Sigmund (D:4)
  2 shadows
  3 wraiths (D:11)
  3 basilisks
  5 steam dragons
  Eustachio (D:5)
  5 vampire mosquitoes
  3 wargs (D:11)
  Menkaure (D:6)
  An acid dragon (D:13)
  Edmund (D:6)
  Duvessa (D:7)
  2 water moccasins
  2 sky beasts
  14 orc warriors
  2 ice beasts
  5 ogres
  The ghost of drbonez the Chopper, an amateur MiFi (D:4)
  6 ice dragon simulacra (IceCv)
  7 centaurs
  A phantom (D:5)
  A lemure (D:6)
  4 bullfrogs
  A necrophage (D:5)
  A gnoll sergeant (D:7)
  2 scorpions
  13 wights
  A hornet simulacrum (D:8)
  2 water moccasin skeletons (D:4)
  Dowan (D:7)
  5 lindwurm simulacra (IceCv)
  4 howler monkeys
  An electric eel (D:7)
  Crazy Yiuf (D:5)
  3 hounds
  2 jellies
  6 orc priests
  An iron imp (D:4)
  11 orc wizards
  A gnoll bouda (D:5)
  5 iguanas
  Robin (D:4)
  8 gnolls
  7 adders
  A shadow imp (D:5)
  A white imp (D:7)
  An ufetubus (D:4)
  A worm (D:3)
  3 dart slugs (D:2)
  43 orcs
  6 ball pythons
  2 bats (D:1)
  7 endoplasms
  A giant cockroach (D:1)
  14 goblins
  6 hobgoblins
  6 quokkas
  4 frilled lizards
  6 kobolds
  4 rats
297 creatures vanquished.

Vanquished Creatures (collateral kills)
  A gargoyle (D:12)
  A troll (D:10)
  A wraith (D:11)
  A vampire mosquito (D:13)
  An orc warrior (D:11)
  An ice dragon simulacrum (IceCv)
  4 ogres (D:13)
  2 centaurs (D:13)
  An orc priest (D:11)
  An orc wizard (D:11)
  2 orcs (D:11)
16 creatures vanquished.

Vanquished Creatures (others)
  A spectral ugly thing (D:13)
  A white draconian zombie (IceCv)
  A vampire mosquito zombie (D:13)
  A komodo dragon zombie (D:12)
  2 warg zombies (D:11)
  A centaur zombie (D:13)
  3 ogre zombies (D:13)
  3 gnolls
  6 orc zombies
19 creatures vanquished.

Grand Total: 332 creatures vanquished

Notes
Turn   | Place    | Note
-------+----------+-------------------------------------------
     0 | D:1      | Bnni the Formicid Fighter began the quest for the Orb.
     0 | D:1      | Reached XP level 1. HP: 18/18 MP: 1/1
   221 | D:1      | Reached XP level 2. HP: 23/24 MP: 2/2
   794 | D:2      | Reached XP level 3. HP: 29/30 MP: 3/3
   801 | D:2      | Found an opulent altar of Gozag.
   888 | D:2      | Reached skill level 3 in Polearms
  1104 | D:2      | Reached XP level 4. HP: 37/37 MP: 4/4
  1214 | D:2      | Found a faded altar of an unknown god.
  1640 | D:3      | You fall into a shaft and drop 1 floor!
  1658 | D:4      | Found a runed translucent gate.
  1658 | D:4      | Found a runed translucent gate.
  1658 | D:4      | Found a runed translucent gate.
  1663 | D:4      | Noticed drbonez's ghost (amateur MiFi)
  1672 | D:4      | Found Heariag's Armour Boutique.
  1694 | D:4      | Reached skill level 5 in Shields
  1694 | D:4      | Reached XP level 5. HP: 30/42 MP: 5/5
  1743 | D:4      | Noticed Robin
  1785 | D:4      | Killed Robin
  1786 | D:4      | Reached skill level 4 in Polearms
  1918 | D:4      | Noticed Sigmund
  1926 | D:4      | Killed Sigmund
  1927 | D:4      | Reached skill level 5 in Polearms
  1927 | D:4      | Reached XP level 6. HP: 31/50 MP: 6/6
  2420 | D:4      | Found a snail-covered altar of Cheibriados.
  2431 | D:4      | Reached skill level 5 in Fighting
  2718 | D:4      | Killed drbonez's ghost
  2719 | D:4      | Reached XP level 7. HP: 23/56 MP: 7/7
  2758 | D:4      | Reached skill level 6 in Polearms
  2957 | D:3      | Found an ornate altar of the Wu Jian Council.
  3397 | D:5      | Entered Level 5 of the Dungeon
  3589 | D:5      | Reached XP level 8. HP: 64/64 MP: 8/8
  3664 | D:5      | Reached skill level 7 in Polearms
  3721 | D:5      | Found a runed translucent door.
  3722 | D:5      | Noticed Crazy Yiuf
  3733 | D:5      | Killed Crazy Yiuf
  4117 | D:5      | Noticed Eustachio
  4126 | D:5      | Killed Eustachio
  4189 | D:5      | Noticed Prince Ribbit
  4203 | D:5      | Killed Prince Ribbit
  4204 | D:5      | Reached skill level 8 in Polearms
  4307 | D:5      | Found a white marble altar of Elyvilon.
  4571 | D:5      | Reached XP level 9. HP: 66/72 MP: 9/9
  4854 | D:6      | Found Roedywen's Distillery.
  4865 | D:6      | Reached skill level 9 in Polearms
  4977 | D:6      | Noticed Pikel
  5011 | D:6      | Killed Pikel
  5012 | D:6      | Reached skill level 10 in Polearms
  5034 | D:6      | Found a staircase to the Ecumenical Temple.
  5050 | Temple   | Entered the Ecumenical Temple
  5456 | D:6      | Noticed Edmund
  5466 | D:6      | Reached XP level 10. HP: 78/82 MP: 10/10
  5477 | D:6      | Killed Edmund
  5718 | D:6      | Noticed Menkaure
  5725 | D:6      | Killed Menkaure
  5726 | D:6      | Reached skill level 11 in Polearms
  6176 | D:7      | Found Tamuys's General Store.
  6544 | D:7      | Noticed Duvessa
  6544 | D:7      | Noticed Dowan
  6559 | D:7      | Killed Dowan
  6561 | D:7      | Killed Duvessa
  6790 | D:7      | Reached skill level 12 in Polearms
  7191 | D:8      | Noticed Maurice
  7224 | D:7      | Reached skill level 10 in Fighting
  7736 | D:8      | Killed Maurice
  8379 | D:8      | Reached XP level 11. HP: 40/92 MP: 11/11
  8642 | D:9      | Reached skill level 13 in Polearms
  9123 | D:9      | Found a sacrificial altar of Ru.
  9124 | D:9      | Found a basalt altar of Yredelemnul.
  9132 | D:9      | Became a worshipper of Yredelemnul the Dark
  9323 | D:9      | Reached skill level 1 in Invocations
  9507 | D:10     | Entered Level 10 of the Dungeon
  9523 | D:10     | Found a flagged portal.
  9539 | Bailey   | Entered a bailey
  9707 | Bailey   | Reached * piety under Yredelemnul
 10078 | Bailey   | Noticed an orc knight
 10105 | Bailey   | Killed an orc knight
 10111 | Bailey   | Identified the +8 quarterstaff of Wetseg {flame, rElec}
 10247 | D:10     | Acquired a manual of Polearms
 10591 | D:10     | Noticed a two-headed ogre
 10606 | D:10     | Killed a two-headed ogre
 10607 | D:10     | Reached skill level 14 in Polearms
 10823 | D:10     | Reached ** piety under Yredelemnul
 11097 | D:11     | Found a staircase to the Lair.
 11299 | D:11     | Noticed Josephine
 11306 | D:11     | Killed Josephine
 11307 | D:11     | Reached skill level 15 in Polearms
 11307 | D:11     | Reached XP level 12. HP: 100/101 MP: 15/15
 11413 | D:11     | Noticed Erica
 11421 | D:11     | Killed Erica
 11593 | D:11     | Reached skill level 5 in Invocations
 11594 | D:11     | Found a staircase to the Orcish Mines.
 11899 | D:11     | Noticed a two-headed ogre
 11911 | D:11     | Killed a two-headed ogre
 12153 | D:11     | Reached skill level 16 in Polearms
 12332 | D:11     | Reached *** piety under Yredelemnul
 12392 | D:11     | Identified the +4 hand axe of Defiance {pain, rCorr Str+6
                  | Dex+2}
 12806 | D:12     | Noticed a boulder beetle
 12823 | D:12     | Killed a boulder beetle
 12907 | D:12     | Reached **** piety under Yredelemnul
 12999 | D:12     | Reached ***** piety under Yredelemnul
 13571 | D:13     | Reached skill level 17 in Polearms
 13604 | D:13     | Noticed Lodul
 13605 | D:13     | Noticed a tengu warrior
 13608 | D:13     | Noticed a centaur warrior
 13614 | D:13     | Noticed a tengu warrior
 13616 | D:13     | Killed Lodul
 13639 | D:13     | Killed a tengu warrior
 13640 | D:13     | Reached XP level 13. HP: 70/109 MP: 18/18
 13651 | D:13     | Killed a centaur warrior
 13891 | D:13     | Reached skill level 18 in Polearms
 14019 | D:13     | Noticed a centaur warrior
 14028 | D:13     | Killed a centaur warrior
 14033 | D:13     | Your ally Lodul died
 14214 | D:14     | Found Gidaoh's Weapon Shop.
 14286 | D:14     | Found a frozen archway.
 14290 | IceCv    | Entered an ice cave
 14347 | IceCv    | Noticed a white draconian
 14382 | IceCv    | Killed a white draconian
 14613 | IceCv    | Noticed a white draconian
 14614 | IceCv    | Noticed a white draconian
 14640 | IceCv    | Killed a white draconian
 14646 | IceCv    | Killed a white draconian
 15241 | IceCv    | Noticed a white draconian
 15241 | IceCv    | Noticed a white draconian knight
 15244 | IceCv    | Noticed a white draconian
 15286 | IceCv    | HP: 5/102 [white draconian knight/bolt of cold (11)]
 15292 | IceCv    | HP: 3/102 [white draconian knight/+1 triple sword of
                  | freezing (23)]
 15293 | IceCv    | Slain by a white draconian knight

Illustrated notes

Levels and vault maps discovered:
D:1:      eino_arrival_cavern_d, layout_loops_ring
D:2:      layout_basic, shapermc_ecumenical_altar_mp_urbaneastern, basic_altar,
          minmay_misc_feat_five
D:3:      layout_basic, nicolae_wu_jian_wuxing_cycle
D:4:      layout_gridville, slow_altar_2, gammafunk_ghost_necromancy,
          serial_shops, nicolae_shop_crystal, kennysheep_doodads,
          minmay_misc_feat_doors, dreamdust_mushroom_princess,
          kennysheep_generic_room_9, uniq_sigmund, uniq_robin
D:5:      layout_loops_ring, elyvilon_altar_5, minmay_stone_trees_small,
          kennysheep_small_square, uniq_crazy_yiuf_cottage, uniq_eustachio,
          uniq_prince_ribbit1
D:6:      layout_loops_ring, minmay_temple_entry_large_hall, serial_shops, shop,
          uniq_edmund, uniq_pikel, uniq_menkaure
D:7:      cheibrodos_helix_gallery, layout_basic, serial_shops,
          nicolae_take_the_stairs, uniq_duvessa
D:8:      layout_basic, kennysheep_just_a_vault, uniq_maurice
D:9:      layout_rooms, grunt_temple_overflow_open
D:10:     layout_stronghold, enter_bailey_2
D:11:     layout_stronghold, erik_lair_orcish_takeover, david_orc_3,
          kennysheep_diamond, uniq_josephine, uniq_erica
D:12:     layout_basic
D:13:     layout_basic, uniq_lodul
D:14:     layout_grid_maze, david_vaults_4, serial_shops, nicolae_shop_stone,
          serial_bayou_shore_a, portal_ice_cave_entry_pillars_four, uniq_agnes
Temple:   minmay_crystal_spiral_temple
IceCv:    ice_cave_small_dragons

Skill      XL: |  1  2  3  4  5  6  7  8  9 10 11 12 13 |
---------------+----------------------------------------+-----
Polearms       | 3 5 6 8 10 12 15 17 18 | 18.6
Fighting       | 4 5 6 7 8 10 11 12 13 | 13.4
Shields        | 5 7 |  7.4
Invocations    | 4 7 8 |  8.7
Armour         | |  3.2

Action                   |  1- 3 |  4- 6 |  7- 9 | 10-12 | 13-15 || total
-------------------------+-------+-------+-------+-------+-------++-------
Melee: Trident           |    80 |   114 |    55 |       |       ||   249
       Spear             |       |    19 |   185 |   481 |    10 ||   695
       Halberd           |       |    13 |    23 |   237 |   103 ||   376
       Glaive            |       |       |       |       |    53 ||    53
Throw: Dart              |       |       |       |    12 |       ||    12
       Throwing net      |       |       |       |     3 |       ||     3
Invok: Recall Undead Har |       |       |       |     3 |     4 ||     7
       Bind Soul         |       |       |       |     1 |     1 ||     2
 Abil: Dig               |       |     2 |       |     1 |     2 ||     5
Evoke: Wand              |       |       |       |     1 |     7 ||     8
  Use: Potion            |       |     2 |       |     3 |     9 ||    14
       Scroll            |       |       |     6 |     9 |     1 ||    16
 Stab: Distracted        |       |       |       |     3 |     3 ||     6
Armor: Scale mail        |    27 |    11 |       |       |       ||    38
       Chain mail        |       |    57 |    70 |   147 |       ||   274
       Crystal plate arm |       |       |       |    76 |   114 ||   190
Dodge: Dodged            |    29 |    45 |    50 |   137 |    17 ||   278
Block: Buckler           |     8 |    42 |    21 |   111 |     2 ||   184
       Kite shield       |       |       |       |       |    73 ||    73

Table legend: (Time is in decaauts)
 A = Elapsed time spent in this place.
 B = Non-inter-level travel time spent in this place.
 C = Inter-level travel time spent in this place.
 D = Time resting spent in this place.
 E = Time spent auto-exploring this place.
 F = Levels seen in this place.
 G = Mean time per level.
                   A        B        C        D        E       F      G
               +--------+--------+--------+--------+--------+-----+--------+
         Total |  14952 |  14493 |    459 |   2260 |   9587 |  17 |  879.5 |
       Dungeon |  13112 |  12736 |    376 |   1484 |   9217 |  14 |  936.6 |
        Temple |    211 |    128 |     83 |      0 |    112 |   1 |  211.0 |
        Bailey |    653 |    653 |      0 |    229 |    190 |   1 |  653.0 |
      Ice Cave |    974 |    974 |      0 |    547 |     68 |   1 |  974.0 |
               +--------+--------+--------+--------+--------+-----+--------+

Top non-repeatable levels by time:
     D:7: 1471 daAuts
    D:11: 1373 daAuts
     D:5: 1359 daAuts
     D:4: 1228 daAuts
     D:6: 1098 daAuts
    D:12: 1077 daAuts
   IceCv: 974 daAuts
     D:8: 921 daAuts
     D:3: 854 daAuts
     D:9: 829 daAuts
    D:10: 819 daAuts
     D:1: 759 daAuts
  Bailey: 653 daAuts
    D:13: 653 daAuts
     D:2: 591 daAuts
